 Dungeon Crawl Stone Soup version 0.31-a0-819-gf6de2f5ab6 (webtiles) character file.

Game seed: 965605535881493544

701 Kurtz the Cleaver (level 7, 0/46 HPs)
             Began as an Octopode Fighter on Sept 24, 2023.
             Was an Initiate of Gozag.
             Slain by Pikel
             ... wielding a +0 whip of electrocution
              (11 damage)
             ... on level 5 of the Dungeon.
             The game lasted 00:02:45 (3368 turns).

Kurtz the Cleaver (Octopode Fighter)                Turns: 3368, Time: 00:02:46

Health: 0/46       AC:  5    Str: 17    XL:     7   Next: 66%
Magic:  7/7        EV: 13    Int: 10    God:    Gozag
Gold:   256        SH:  4    Dex: 12    Spells: 6/6 levels left

rFire   . . .        a - +0 war axe
rCold   . . .        b - +0 buckler
rNeg    + . .        (helmet restricted)
rPois   +            (no amulet)
rElec   .            j - +4 ring of protection
rCorr   .            m - ring of poison resistance
SInv    .            p - ring of positive energy
Will    .....        (no ring)
Stlth   ++           (no ring)
HPRegen 0.27/turn    (no ring)
MPRegen 0.10/turn    (no ring)
                     (no ring)

%: no passive effects
@: no status effects
A: almost no armour, amphibious, 8 rings, camouflage 1, gelatinous body 1,
(nimble swimmer 1), tentacles
a: Renounce Religion, Potion Petition, Call Merchant, Bribe Branch


You were on level 5 of the Dungeon.
You worshipped Gozag.
Gozag was aware of your devotion.
You visited 1 branch of the dungeon, and saw 6 of its levels.

You collected 329 gold pieces.
You paid 73 gold pieces to Gozag.

Inventory:

Hand Weapons
 a - a +0 war axe (weapon)
Missiles
 l - 11 poisoned darts
Armour
 b - a +0 buckler (worn)
Jewellery
 j - a +4 ring of protection (left tentacle)
 m - a ring of poison resistance (right tentacle)
 p - a ring of positive energy (on tentacle)
 q - a ring of flight
 r - an amulet of magic regeneration
Wands
 o - a wand of iceblast (5)
Scrolls
 d - 2 scrolls of amnesia {unknown}
 e - 2 scrolls of summoning {unknown}
 f - 3 scrolls of vulnerability {unknown}
 h - 2 scrolls of fear {unknown}
 i - 6 scrolls of identify {unknown}
 k - a scroll of blinking {unknown}
 n - a scroll of noise {unknown}
 s - 2 scrolls of immolation {unknown}
 u - a scroll of revelation {unknown}
Potions
 c - a potion of might
 g - 2 potions of degeneration {unknown}
 t - a potion of resistance {unknown}
 v - a potion of magic {unknown}


   Skills:
 - Level 3.0 Fighting
 * Level 8.4 Axes
 - Level 3.0 Dodging
 - Level 3.0 Shields


You had 6 spell levels left.
You didn't know any spells.
Your spell library contained the following spells:

 Spells                   Type           Power      Damage    Failure   Level
 Kiss of Death            Conj/Necr      0%         2d5       43%         1
 Necrotise                Necr           0%         1d4       43%         1
 Cigotuvi's Dreadful Rot  Necr/Pois/Air  0%         N/A       58%         2
 Ensorcelled Hibernation  Hex/Ice        0%         N/A       58%         2
 Vampiric Draining        Necr           0%         2d6       82%         3
 Agony                    Necr           0%         N/A       100%        5
 Borgnjor's Revivificati  Necr           0%         N/A       100%        8
 Chain Lightning          Conj/Air       0%         N/A       100%        9
 Fire Storm               Conj/Fire      0%         5d1       100%        9
 Shatter                  Erth           0%         3d5*      100%        9


Dungeon Overview and Level Annotations

Branches:
Dungeon (6/15)
 Temple: D:4-7

Altars:
Ashenzari
Gozag
Kikubaaqudgha
Okawaru
Trog

Annotations:
D:5 Pikel


Innate Abilities, Weirdness & Mutations

You cannot wear most types of armour.
You are amphibious.
You can wear up to eight rings at the same time.
Your skin changes colour to match your surroundings (Stealth+).
Your rubbery body absorbs attacks. (AC +1, EV +1)
((You are camouflaged when in or above water. (Stealth+)))
You have tentacles for arms and can constrict up to eight enemies at once.


Message History

You now have 256 gold pieces (gained 5).
Pikel and 3 lemures come into view.
Pikel is wielding a +0 whip of electrocution.
Found a wand of iceblast (2).
The lemure shouts!
Pikel shouts!
You hear a shout!
The lemure shouts!
Unknown command.
A lemure comes into view.
The lemure shouts!
The lemure misses you.
There are monsters nearby!
You hit the lemure but do no damage. Your grab misses the lemure.
The lemure hits you.
Unknown command.
There are monsters nearby!
You closely miss the lemure. You grab the lemure. You constrict the lemure.
The lemure hits you.
There are monsters nearby!
You slash the lemure! Your squeeze misses the lemure.
The lemure is heavily wounded.
You constrict the lemure. The lemure barely misses you. The lemure hits you.
You hit the lemure. You squeeze the lemure.
The lemure is heavily wounded.
You constrict the lemure, but do no damage.
The lemure hits you.
You hit the lemure. You squeeze the lemure.
The lemure is almost dead.
You constrict the lemure.
You kill the lemure!
That felt strangely unrewarding.
You hit Pikel. Your grab misses Pikel.
Pikel is lightly wounded.
Pikel hits you with a +0 whip of electrocution.
You are electrocuted!!
* * * LOW HITPOINT WARNING * * *
Unknown command.
Pikel attacks as he pursues you! Pikel hits you but does no damage.
You are electrocuted!
You die...
Pikel says, "Another soul for the market."
Your body crumbles into a pile of gold.

#..>....# #.#
..[..>..# #.#
#.......# #.#
........# #5#
#.......### #5#
#.........# #5#
#.......#[# #.#
####.####.#######K#
#............@.#
######.##########.
#.#...........
##.##########. ###


You could see Pikel and 3 lemures.

Vanquished Creatures
  An ogre (D:4)
  A lemure (D:5)
  A phantom (D:5)
  A scorpion (D:6)
  3 wights
  A hound (D:4)
  2 jellies (D:6)
  2 iguanas
  A sleepcap (D:6)
  6 adders
  A white imp (D:6)
  An ufetubus (D:4)
  3 worms
  3 dart slugs
  3 orcs
  9 endoplasms
  4 giant cockroaches
  5 goblins
  10 hobgoblins
  4 jackals (D:3)
  7 kobolds
  4 quokkas
  12 ball pythons
  4 bats
  3 frilled lizards
  5 rats
97 creatures vanquished.

Notes
Turn   | Place    | Note
-------+----------+-------------------------------------------
     0 | D:1      | Kurtz the Octopode Fighter began the quest for the Orb.
     0 | D:1      | Reached XP level 1. HP: 16/16 MP: 1/1
   121 | D:1      | Reached XP level 2. HP: 12/21 MP: 2/2
   263 | D:1      | Reached skill level 3 in Axes
   297 | D:1      | Found a faded altar of an unknown god.
   511 | D:2      | Reached XP level 3. HP: 13/26 MP: 3/3
   868 | D:2      | Reached skill level 4 in Axes
   868 | D:2      | Reached XP level 4. HP: 31/31 MP: 4/4
  1505 | D:3      | You fall into a shaft and drop 3 floors!
  1546 | D:6      | Reached skill level 5 in Axes
  1546 | D:6      | Reached XP level 5. HP: 36/36 MP: 5/5
  1863 | D:6      | Reached skill level 6 in Axes
  1863 | D:6      | Reached XP level 6. HP: 28/42 MP: 6/6
  1930 | D:6      | Reached skill level 7 in Axes
  1934 | D:5      | Entered Level 5 of the Dungeon
  1937 | D:5      | Reached XP level 7. HP: 17/46 MP: 7/7
  2176 | D:3      | Found an opulent altar of Gozag.
  2219 | D:3      | Became a worshipper of Gozag Ym Sagoz the Greedy
  2367 | D:3      | Found a bloodstained altar of Trog.
  2447 | D:3      | Got a colourful book
  2722 | D:4      | Found an iron altar of Okawaru.
  2910 | D:4      | Reached skill level 8 in Axes
  2920 | D:4      | Found an ancient bone altar of Kikubaaqudgha.
  2973 | D:4      | Found a broken altar of Ashenzari.
  3360 | D:5      | Noticed Pikel
  3368 | D:5      | Slain by Pikel

Illustrated notes

Levels and vault maps discovered:
D:1:      amcnicky_arrival_gap_in_the_tavern_cellar, layout_rooms,
          shapermc_ecumenical_altar_gd, skrybe_limestone_x
D:2:      layout_basic
D:3:      layout_basic, grunt_gozag_statues, mainiacjoe_overflow_brackets,
          minivault_19, minmay_joined_circles
D:4:      layout_basic, lemuel_coloured_pillars_altar,
          mainiacjoe_overflow_six_doors_small,
          mainiacjoe_overflow_concentric_impassable
D:5:      layout_loops_ring, minmay_temple_entry_proselytizer,
          columned_hall_lemuel, uniq_pikel
D:6:      layout_loops_ring, uniq_grinder

Skill      XL: |  1  2  3  4  5  6  7 |
---------------+----------------------+-----
Axes           | 3 4 5 6 7 8 |  8.4
Fighting       | |  3.0
Dodging        | |  3.0
Shields        | |  3.0

Action                     |  1- 3 |  4- 6 |  7- 9 || total
---------------------------+-------+-------+-------++-------
  Melee: War axe           |    55 |    57 |    67 ||   179
         Constrict         |    11 |    18 |    12 ||    41
         Tentacles         |     7 |    14 |    14 ||    35
         Punch             |     2 |       |     1 ||     3
   Stab: Sleeping          |     6 |     3 |     6 ||    15
 Armour: Skin              |    17 |    30 |    30 ||    77
  Dodge: Dodged            |    32 |    30 |    27 ||    89
  Block: Buckler           |     8 |     5 |     7 ||    20

Table legend: (Time is in decaauts)
 A = Elapsed time spent in this place.
 B = Non-inter-level travel time spent in this place.
 C = Inter-level travel time spent in this place.
 D = Time resting spent in this place.
 E = Time spent auto-exploring this place.
 F = Levels seen in this place.
 G = Mean time per level.
                   A        B        C        D        E       F      G
               +--------+--------+--------+--------+--------+-----+--------+
         Total |   3414 |   3279 |    135 |    385 |   2304 |   6 |  569.0 |
       Dungeon |   3414 |   3279 |    135 |    385 |   2304 |   6 |  569.0 |
               +--------+--------+--------+--------+--------+-----+--------+

Top non-repeatable levels by time:
     D:3: 859 daAuts
     D:2: 720 daAuts
     D:4: 651 daAuts
     D:1: 505 daAuts
     D:6: 434 daAuts
     D:5: 242 daAuts
